 Dungeon Crawl Stone Soup version 0.28-a0-1429-gf3d713df7a (webtiles) character file.

Game seed: 7402481266692488346

2195 Gwenloh the Purveyor of Pain (level 9, -3/39 HPs)
             Began as a Vine Stalker Necromancer on Jan 8, 2022.
             Was an Initiate of Kikubaaqudgha.
             Slain by a gnoll (13 damage)
             ... on level 7 of the Dungeon.
             The game lasted 00:27:22 (9677 turns).

Gwenloh the Purveyor of Pain (VSNe)                 Turns: 9677, Time: 00:27:24

Health: -3/39      AC:  2    Str: 17    XL:     9   Next: 34%
Magic:  0/19       EV: 12    Int: 19    God:    Kikubaaqudgha [......]
Gold:   300        SH:  0    Dex: 15    Spells: 7/20 levels left

rFire   . . .      SeeInvis .   p - staff of death
rCold   . . .      Faith    .   (no shield)
rNeg    + + .      Spirit   +   a - +0 robe
rPois   .          Reflect  .   s - +0 hat
rElec   .          Harm     .   (no cloak)
rCorr   .          Rampage  .   (no gloves)
Will    +....                   (no boots)
Stlth   ++++......              (no amulet)
HPRegen 0.93/turn               u - +6 ring of strength
MPRegen 0.16/turn               y - ring of positive energy

@: very slightly contaminated
A: fangs 3, regeneration 1, magic shield, antimagic bite, no potion heal 2
a: Renounce Religion


You were on level 7 of the Dungeon.
You worshipped Kikubaaqudgha.
Kikubaaqudgha was noncommittal.
You visited 2 branches of the dungeon, and saw 8 of its levels.

You collected 300 gold pieces.

Inventory:

Hand Weapons
 f - a +0 dagger
 r - a +2 short sword of flaming
Missiles
 h - 165 stones (quivered)
Armour
 a - a +0 robe (worn)
 s - a +0 hat (worn)
Magical Staves
 p - a staff of death (weapon)
Jewellery
 u - a +6 ring of strength (left hand)
 y - a ring of positive energy (right hand)
Wands
 x - a wand of mindburst (4)
 z - a wand of digging (1)
Scrolls
 c - a scroll of torment
 d - a scroll of teleportation
 g - 4 scrolls of amnesia
 j - 2 scrolls of enchant weapon
 k - 2 scrolls of fear
 o - a scroll of vulnerability
 v - 2 scrolls of enchant armour {unknown}
 w - a scroll of summoning {unknown}
Potions
 b - 3 potions of degeneration {unknown}
 e - a potion of mutation {unknown}
 i - 4 potions of curing {unknown}
 l - a potion of might {unknown}
 m - a potion of resistance {unknown}
 n - a potion of flight {unknown}
 q - a potion of haste {unknown}
 t - a potion of heal wounds {unknown}


   Skills:
 - Level 1.5 Dodging
 + Level 8.2 Stealth
 + Level 6.4 Spellcasting
 * Level 9.5 Necromancy


You had 7 spell levels left.
You knew the following spells:

 Your Spells              Type           Power      Damage    Failure   Level
a - Pain                  Necr           100%       1d9       1%          1
b - Vampiric Draining     Necr           59%        2d10      1%          3
c - Agony                 Necr           59%        N/A       6%          5
d - Animate Dead          Necr           29%        N/A       1%          4

Your spell library contained the following spells:

 Spells                   Type           Power      Damage    Failure   Level
 Animate Skeleton         Necr           100%       N/A       1%          1


Dungeon Overview and Level Annotations

Branches:
Dungeon (7/15)             Temple (1/1) D:5

Altars:
Elyvilon
Gozag
Kikubaaqudgha
Makhleb
Nemelex Xobeh
Qazlal
Ru
Uskayaw
Vehumet
Yredelemnul


Innate Abilities, Weirdness & Mutations

You have razor-sharp teeth.
Your natural rate of healing is unusually fast.
When hurt, damage is shared between your health and your magic reserves.
Your bite disrupts and absorbs the magic of your enemies.
Potions cannot restore your health.


Message History

You are very lightly contaminated with residual magic.
Nothing appears to happen.
Casting: Vampiric Draining (safe; 1% risk of failure)
Confirm with . or Enter, or press ? or * to list all spells.
Aiming: Vampiric Draining (safe; 1% risk of failure)
Press: ? - help, Shift-Dir - straight line, f/p - gnoll sergeant
Aim: a gnoll sergeant, wielding a +0 spear and wearing a +0 scale mail (severely wounded)
You feel a surge of power!
You draw life force from the gnoll sergeant.
You feel life coursing into your body.
The gnoll hits you from afar with a +0 spear.
The gnoll sergeant barely misses you.
You hit the gnoll sergeant but do no damage.
You bite the gnoll sergeant. You drain its power.
You feel invigorated.
The gnoll sergeant is almost dead.
The gnoll barely misses you.
The gnoll sergeant hits you with a +0 spear!
You hit the gnoll sergeant.
You bite the gnoll sergeant, but do no damage.
The gnoll sergeant is almost dead.
The gnoll completely misses you. x2
You closely miss the gnoll sergeant.
You punch the gnoll sergeant, but do no damage.
You bite the gnoll sergeant, but do no damage.
The gnoll sergeant is almost dead.
The gnoll sergeant hits you with a +0 spear!
The gnoll barely misses you.
You hit the gnoll sergeant but do no damage.
The gnoll sergeant writhes in agony!
You kill the gnoll sergeant!
Kikubaaqudgha accepts your kill. The gnoll hits you but does no damage.
You hit the gnoll.
The gnoll writhes in agony!
The gnoll is almost dead.
The gnoll hits you with a +0 club!
* * * LOW HITPOINT WARNING * * *
The gnoll closely misses you.
The gnoll hits you from afar with a +0 halberd!
You die...
Kikubaaqudgha rasps: "You have failed me!
Welcome... death!"

#....##...#
##.##..#####
#.###.##
##.##...# #
##.##....# #
#..#.....# #
##.#......# ##
#.#.......# .#
##@........# .#
####
##g###......#
.## #..## #gg#
####..## g.#
#...######g##
###
..###.....#...g#
..g##.........##
........gg....#
........####..#
#####..## ##..#


You could see 5 gnolls.

Vanquished Creatures
  4 yaks
  A water moccasin (D:5)
  A sky beast (D:4)
  An ogre (D:6)
  A centaur (D:5)
  A bullfrog (D:6)
  A gnoll sergeant (D:7)
  4 scorpions
  A jelly (D:6)
  3 wights
  A centaur skeleton (D:7)
  4 orc priests
  A gnoll shaman (D:6)
  Natasha (thrice) (D:2)
  5 iguanas
  2 orc wizards
  9 gnolls
  8 adders
  A shadow imp (D:6)
  An ufetubus (D:5)
  A worm (D:4)
  3 dart slugs
  23 orcs
  5 bats
  9 endoplasms
  5 giant cockroaches
  9 goblins
  5 hobgoblins
  4 jackals
  6 kobolds
  2 quokkas
  3 ball pythons
  2 frilled lizards
  A rat (D:1)
131 creatures vanquished.

Notes
Turn   | Place    | Note
-------+----------+-------------------------------------------
     0 | D:1      | Gwenloh the Vine Stalker Necromancer began the quest for
                  | the Orb.
     0 | D:1      | Reached XP level 1. HP: 9/9 MP: 4/4
   440 | D:1      | Found a faded altar of an unknown god.
   461 | D:1      | Noticed a floating eye
   467 | D:1      | Reached XP level 2. HP: 8/13 MP: 0/6
   575 | D:1      | Noticed a great orb of eyes
   575 | D:1      | Noticed a great orb of eyes
   575 | D:1      | Noticed a golden eye
  1355 | D:1      | Reached XP level 3. HP: 13/16 MP: 4/7
  1465 | D:1      | Learned a level 3 spell: Vampiric Draining
  2741 | D:2      | Gained mutation: Your natural rate of healing is unusually
                  | fast. [Vine Stalker growth]
  2741 | D:2      | Reached XP level 4. HP: 21/21 MP: 7/9
  2746 | D:2      | Learned a level 4 spell: Animate Dead
  2911 | D:2      | Noticed Natasha
  2921 | D:2      | Killed Natasha
  2922 | D:2      | Reached skill level 5 in Necromancy
  3038 | D:2      | Noticed Natasha
  3045 | D:2      | Killed Natasha
  3206 | D:3      | Reached XP level 5. HP: 24/24 MP: 7/10
  3675 | D:3      | Reached XP level 6. HP: 27/28 MP: 4/12
  4269 | D:4      | Found a hide-covered altar of Uskayaw.
  4389 | D:4      | Noticed a sky beast
  4415 | D:4      | Killed a sky beast
  4416 | D:4      | Reached skill level 6 in Necromancy
  4720 | D:4      | Reached skill level 5 in Stealth
  4726 | D:4      | Learned a level 5 spell: Agony
  4900 | D:3      | Reached XP level 7. HP: 18/32 MP: 7/14
  5649 | D:5      | Entered Level 5 of the Dungeon
  5881 | D:5      | Noticed a yak
  5881 | D:5      | Noticed a yak
  6051 | D:5      | Noticed a yak
  6082 | D:4      | Killed a yak
  6083 | D:4      | Reached skill level 7 in Necromancy
  6257 | D:4      | Killed a yak
  6258 | D:4      | Gained mutation: You have razor-sharp teeth. [Vine Stalker
                  | growth]
  6258 | D:4      | Reached XP level 8. HP: 15/36 MP: 0/16
  6375 | D:5      | Noticed a yak
  6411 | D:5      | Reached skill level 5 in Spellcasting
  6630 | D:5      | Reached skill level 8 in Necromancy
  6664 | D:5      | Identified a scroll of acquirement
  6665 | D:5      | Acquired a staff of death
  7181 | D:4      | Killed a yak
  7363 | D:2      | Noticed Natasha
  7367 | D:2      | Killed Natasha
  7479 | D:5      | Killed a yak
  7580 | D:5      | Found a staircase to the Ecumenical Temple.
  7585 | Temple   | Entered the Ecumenical Temple
  7655 | Temple   | Became a worshipper of Kikubaaqudgha
  7890 | D:6      | Reached XP level 9. HP: 39/39 MP: 6/18
  7994 | D:6      | Reached skill level 9 in Necromancy
  9591 | D:7      | Found an opulent altar of Gozag.
  9677 | D:7      | Slain by a gnoll

Illustrated notes

Levels and vault maps discovered:
D:1:      wander_arrival_estate, layout_basic,
          hellmonk_ecumenical_altar_watching_god
D:2:      layout_basic, uniq_natasha
D:3:      layout_loops_ring
D:4:      layout_basic, nicolae_uskayaw_suspiria
D:5:      layout_basic, temple_doors_ab
D:6:      layout_loops_ring, kennysheep_big_empty_room, corexii_hall_statues_u,
          hangedman_decor_points
D:7:      layout_cave_pods, pdpol_temple_overflow_zin_treasury_gozag_greed
Temple:   oiseaux_autumnal_temple

Skill      XL: |  1  2  3  4  5  6  7  8  9 |
---------------+----------------------------+-----
Stealth        | 3 4 5 6 7 8 |  8.2
Spellcasting   | 3 4 5 6 |  6.4
Necromancy     | 5 6 7 8 9 |  9.5
Dodging        | |  1.5

Action                   |  1- 3 |  4- 6 |  7- 9 || total
-------------------------+-------+-------+-------++-------
Melee: Dagger            |    16 |    24 |     3 ||    43
       Bite              |     3 |     6 |    20 ||    29
       Unarmed           |     1 |       |       ||     1
       Punch             |     1 |       |     1 ||     2
       Short sword       |       |       |    12 ||    12
       Staff             |       |       |    31 ||    31
Throw: Stone             |       |       |    11 ||    11
 Cast: Pain              |    69 |    79 |    80 ||   228
       Vampiric Draining |     2 |    12 |    53 ||    67
       Animate Dead      |       |     2 |     3 ||     5
       Agony             |       |       |     2 ||     2
Evoke: Wand              |       |     3 |     6 ||     9
  Use: Scroll            |       |       |    10 ||    10
 Stab: Sleeping          |       |       |     3 ||     3
Armor: Robe              |     5 |     3 |    11 ||    19
Dodge: Dodged            |    14 |    30 |    69 ||   113

Table legend: (Time is in decaauts)
 A = Elapsed time spent in this place.
 B = Non-inter-level travel time spent in this place.
 C = Inter-level travel time spent in this place.
 D = Time resting spent in this place.
 E = Time spent auto-exploring this place.
 F = Levels seen in this place.
 G = Mean time per level.
                   A        B        C        D        E       F      G
               +--------+--------+--------+--------+--------+-----+--------+
         Total |   9702 |   9337 |    365 |   1197 |   6054 |   8 | 1212.8 |
       Dungeon |   9603 |   9265 |    338 |   1197 |   5997 |   7 | 1371.9 |
        Temple |     98 |     71 |     27 |      0 |     57 |   1 |   98.0 |
               +--------+--------+--------+--------+--------+-----+--------+

Top non-repeatable levels by time:
     D:2: 1852 daAuts
     D:5: 1534 daAuts
     D:3: 1502 daAuts
     D:4: 1466 daAuts
     D:1: 1465 daAuts
     D:6: 1242 daAuts
     D:7: 539 daAuts
  Temple: 98 daAuts
